 Dungeon Sprint DCSS version 0.30-a0-847-g17996783a1 (webtiles) character file.

Game seed: 6427141427969897414

501 dialectric the Carver (level 7, -10/50 HPs)
             Began as a Gargoyle Fighter on Mar 3, 2023.
             Shot with a bolt by a yaktaur (22 damage)
             ... in the Dungeon (Sprint II: "The Violet Keep of Menkaure").
             The game lasted 00:02:24 (303 turns).

dialectric the Carver (Gargoyle Fighter)             Turns: 303, Time: 00:02:24

Health: -10/50     AC: 12    Str: 20    XL:     7   Next: 17%
Magic:  7/7        EV: 10    Int:  8    God:
Gold:   168        SH:  0    Dex: 11    Spells: 6/6 levels left

rFire   . . .      SeeInvis +    e - +4 falchion "Cawoekh" {elec, rC+ SInv}
rCold   + . .      Faith    .    (no shield)
rNeg    + . .      Spirit   .    b - +0 scale mail
rPois   ∞          Reflect  .    (no helmet)
rElec   +          Rampage  .    (no cloak)
rCorr   .          NoTele   +    (no gloves)
Will    .....                    (no boots) Stlth
                                 (no amulet)
HPRegen 0.28/turn                (no ring)
MPRegen 0.10/turn                (no ring)

@: mighty
A: sickness immunity, AC +4, negative energy resistance 1, electricity
resistance, torment resistance 1, petrification resistance
a: no special abilities


You were in the Dungeon.
You visited 1 branch You collected 498 gold pieces.
You spent 330 gold pieces at shops.

Inventory:

Hand Weapons
 a - a +0 long sword
 e - the +4 falchion "Cawoekh" (weapon) {elec, rC+ SInv}
   (You bought it in a shop in the Dungeon)

   rC:        It protects you from cold.
   SInv:      It lets you see invisible.
Armour
 b - a +0 scale mail (worn)
 c - a +0 buckler
Scrolls
 j - a scroll of blinking
Potions
 f - a potion of heal wounds
 g - a potion of haste
 h - 2 potions of magic


   Skills:
 + Level 8.9 Fighting
 * Level 9.7 Long Blades
 + Level 7.9 Armour
 - Level 3.0 Dodging
 - Level 3.2 Shields


You had 6 spell levels left.
You didn't know any spells.
Your spell library contained the following spells:

 Spells                   Type           Power      Damage    Failure   Level
 Stone Arrow              Conj/Erth      0%         3d7       97%         3
 Animate Armour           Summ/Erth      0%         N/A       100%        4
 Lehudib's Crystal Spear  Conj/Erth      0%         10d2      100%        8


Dungeon Overview and Level Annotations

Branches:
Dungeon (1/1)

Altars:
Cheibriados
Dithmenos
Elyvilon
Fedhas
Gozag
Hepliaklqana
Kikubaaqudgha
Makhleb
Nemelex Xobeh
Okawaru
Ru
Sif Muna
Trog
Uskayaw
Vehumet
Xom
Yredelemnul
Zin
Jiyva
Lugonu

Shops:
D =!::!=((([(!??[

Annotations:
D exclusion: oklob plant


Innate Abilities, Weirdness & Mutations

You are immune to sickness and miasma.
Your stone body is resilient. (AC +4)
You are immune to poison.
You resist negative energy. (rN+)
You are resistant to electric shocks. (rElec)
You are resistant to unholy torment.
You are immune to petrification.


Message History

The tentacle slaps you!
You see here 12 gold pieces.
You now have 168 gold pieces (gained 12).
You see here 11 gold pieces.
Found three items.
You see here a potion of heal wounds.
f - 2 potions of heal wounds (gained 1)
You feel much better.
You closely miss the hornet. The hornet closely misses you.
You hit the hornet.
The hornet is lightly wounded.
The hornet stings you!
You closely miss the hornet.
The hornet stings you but does no damage.
You closely miss the hornet.
The hornet stings you but does no damage.
Unknown command.
You hit the hornet.
The hornet is lightly wounded.
The hornet barely misses you. The hornet completely misses you.
Unknown command.
You feel very mighty all of a sudden. The hornet stings you!
The polar bear bites you but does no damage.
The polar bear barely misses you.
The polar bear claws you but does no damage.
You hit the hornet.
The hornet is moderately wounded.
The hornet barely misses you. The polar bear barely misses you.
The polar bear claws you but does no damage. x2
The yaktaur hits you!
Unknown command.
Found four items.
The hornet stings you!
* * * LOW HITPOINT WARNING * * *
The hornet barely misses you. The polar bear barely misses you.
The polar bear closely misses you.
The polar bear claws you but does no damage.
The yaktaur wields a +0 arbalest.
The yaktaur shoots a bolt.
The bolt hits you!!
You die...

▓ . ▓▓▓. . ▓0..
°.▓▓▓▓▓▓▓▓▓▓
○○▓≈≈≈≈§≈≈≈▓▓
=°▓▓▓▓▓▓▓▓▓▓▓
:=▓(![=@.$!▓▓
)°▓([??hyc?▓▓ # +.###
})▓$[)?!$$[▓▓ # ...#
##▓[:$)[)((▓▓ ## #..#
.#▓!$)[![?)▓▓ .# +..#
c#▓$:$?$[[!▓▓ .# #..#
h#▓$=[?$$?!▓▓
.####..##.#▓)[!!:![$▓▓
...###...##▓▓▓▓▓▓▓'▓▓▓▓+▓


You could see a polar bear, a yaktaur and a hornet.

Vanquished Creatures
  Menkaure (D)
  A water moccasin (D)
  4 necrophages (D)
  A scorpion (D)
  3 worms (D)
10 creatures vanquished.

Vanquished Creatures (others)
  A water moccasin (D)
  4 tentacles (D)
5 creatures vanquished.

Grand Total: 15 creatures vanquished

Notes
Turn   | Place    | Note
-------+----------+-------------------------------------------
     0 | D        | dialectric the Gargoyle Fighter began the quest for the
                  | Orb.
     0 | D        | Reached XP level 1. HP: 14/14 MP: 1/1
     8 | D        | Noticed a boulder beetle
     8 | D        | Noticed a boulder beetle
    11 | D        | Noticed a wyvern
    11 | D        | Noticed a wyvern
    19 | D        | Reached skill level 2 in Long Blades
    19 | D        | Reached skill level 1 in Dodging
    23 | D        | Reached XP level 2. HP: 20/20 MP: 2/2
    28 | D        | Noticed a necrophage
    28 | D        | Noticed a necrophage
    28 | D        | Noticed a necrophage
    28 | D        | Noticed a necrophage
    33 | D        | Killed a necrophage
    34 | D        | Reached skill level 5 in Fighting
    34 | D        | Reached skill level 3 in Long Blades
    34 | D        | Reached skill level 5 in Armour
    34 | D        | Reached XP level 3. HP: 27/27 MP: 3/3
    34 | D        | Reached XP level 4. HP: 32/32 MP: 4/4
    43 | D        | Killed a necrophage
    44 | D        | Reached skill level 5 in Long Blades
    44 | D        | Reached XP level 5. HP: 35/37 MP: 5/5
    48 | D        | Reached skill level 6 in Long Blades
    63 | D        | Killed a water moccasin
    66 | D        | Reached skill level 7 in Long Blades
    66 | D        | Reached XP level 6. HP: 25/44 MP: 6/6
    78 | D        | Noticed Menkaure
    94 | D        | Killed Menkaure
    95 | D        | Reached skill level 8 in Long Blades
   108 | D        | Noticed a flying skull
   108 | D        | Noticed a flying skull
   108 | D        | Noticed a flying skull
   108 | D        | Noticed a flying skull
   108 | D        | Noticed a flying skull
   108 | D        | Noticed a flying skull
   108 | D        | Noticed a flying skull
   109 | D        | Noticed a flying skull
   109 | D        | Noticed a flying skull
   109 | D        | Noticed a flying skull
   113 | D        | Found Gylisch's Distillery.
   113 | D        | Noticed a flying skull
   114 | D        | Found Kafiow's Antique Armour Emporium.
   114 | D        | Found Jotapp's Antique Weapon Shoppe.
   115 | D        | Found Kir Roet's Antique Weapon Shoppe.
   115 | D        | Found Asirhotz's Antique Armour Emporium.
   115 | D        | Found Tudydeh's Antique Weapon Shoppe.
   116 | D        | Found Ryesaiqe's Antique Weapon Shoppe.
   116 | D        | Found Corghyusa's Magic Scroll Emporium.
   116 | D        | Found Pocuuh's Jewellery Emporium.
   117 | D        | Found Botz's Magic Scroll Shoppe.
   119 | D        | Found Zic Maot's Distillery.
   119 | D        | Found Jutseox's Book Shoppe.
   119 | D        | Noticed a water moccasin
   119 | D        | Noticed an oklob plant
   120 | D        | Found Tounn's Distillery.
   120 | D        | Found Dyam's Jewellery Emporium.
   120 | D        | Found Ficroac's Book Shoppe.
   138 | D        | Killed a water moccasin
   139 | D        | Reached skill level 9 in Long Blades
   139 | D        | Reached XP level 7. HP: 37/50 MP: 7/7
   191 | D        | Bought a potion of might for 40 gold pieces
   191 | D        | Noticed a wyvern
   191 | D        | Noticed a wyvern
   191 | D        | Noticed a wyvern
   192 | D        | Noticed a death yak
   193 | D        | Bought a bloodstained falchion for 208 gold pieces
   193 | D        | Identified the +4 falchion "Cawoekh" {elec, rC+ SInv} (You
                  | bought it in a shop in the Dungeon)
   193 | D        | Noticed an unseen horror
   193 | D        | Noticed an unseen horror
   220 | D        | Bought a scroll of blinking for 82 gold pieces
   258 | D        | Noticed a flying skull
   268 | D        | Found a snail-covered altar of Cheibriados.
   268 | D        | Found a hazy altar of Hepliaklqana.
   269 | D        | Found a shadowy altar of Dithmenos.
   269 | D        | Found a viscous altar of Jiyva.
   270 | D        | Found a white marble altar of Elyvilon.
   270 | D        | Found an ancient bone altar of Kikubaaqudgha.
   270 | D        | Found a sacrificial altar of Ru.
   271 | D        | Found a blossoming altar of Fedhas.
   271 | D        | Found a corrupted altar of Lugonu.
   271 | D        | Found a shimmering blue altar of Sif Muna.
   272 | D        | Found an opulent altar of Gozag.
   272 | D        | Found a burning altar of Makhleb.
   272 | D        | Found a bloodstained altar of Trog.
   272 | D        | Found a shimmering altar of Xom.
   273 | D        | Found a sparkling altar of Nemelex Xobeh.
   273 | D        | Found a hide-covered altar of Uskayaw.
   274 | D        | Found an iron altar of Okawaru.
   274 | D        | Found a radiant altar of Vehumet.
   274 | D        | Found a glowing silver altar of Zin.
   274 | D        | Found a basalt altar of Yredelemnul.
   275 | D        | Noticed a yaktaur
   275 | D        | Noticed a hornet
   275 | D        | Noticed a polar bear
   275 | D        | Noticed a polar bear
   275 | D        | Noticed a polar bear
   281 | D        | Noticed a kraken
   303 | D        | Shot with a bolt by a yaktaur

Illustrated notes

Levels and vault maps discovered:
D:        the_violet_keep_of_menkaure [sprint2_stairs_cluster_1,
          sprint2_shoproom, sprint2_temple, sprint2_basic_supplies,
          sprint2_obstacle_1, sprint2_obstacle_5, sprint2_obstacle_7,
          sprint2_obstacle_6, sprint2_obstacle_2, sprint2_timed_cluster_1,
          sprint2_smallroom_cluster_1, sprint2_smallroom_final_cluster_1,
          sprint2_transparent_cluster_1, sprint2_second_timed_cluster_1,
          sprint2_sniper_area_1, sprint2_heavy_combat_area_1,
          sprint2_mutation_trap_area_1, sprint2_forest_area_1,
          sprint2_light_combat_area_1, sprint2_behind_water_1,
          sprint2_near_end_vault_1]

Skill      XL: |  1  2  3  4  5  6 |
---------------+-------------------+-----
Long Blades    | 2 3 5 7 9 |  9.7
Dodging        | 1 3 |  3.0
Fighting       | 4 5 6 7 8 |  8.9
Armour         | 4 5 6 7 |  7.9
Shields        | |  3.2

Action                     |  1- 3 |  4- 6 |  7- 9 || total
---------------------------+-------+-------+-------++-------
  Melee: Long sword        |    11 |    61 |       ||    72
         Falchion          |       |       |    12 ||    12
    Use: Potion            |     1 |     2 |     2 ||     5
         Scroll            |       |       |     1 ||     1
 Armour: Scale mail        |     2 |    21 |    20 ||    43
  Dodge: Dodged            |     5 |    27 |    12 ||    44

Table legend: (Time is in decaauts)
 A = Elapsed time spent in this place.
 B = Non-inter-level travel time spent in this place.
 C = Inter-level travel time spent in this place.
 D = Time resting spent in this place.
 E = Time spent auto-exploring this place.
 F = Levels seen in this place.
 G = Mean time per level.
                   A        B        C        D        E       F      G
               +--------+--------+--------+--------+--------+-----+--------+
         Total |    343 |    343 |      0 |      0 |     69 |   1 |  343.0 |
       Dungeon |    343 |    343 |      0 |      0 |     69 |   1 |  343.0 |
               +--------+--------+--------+--------+--------+-----+--------+

Top non-repeatable levels by time:
       D: 343 daAuts
